 Dungeon Sprint DCSS version 0.17-a0-1399-gd5b76e1 (webtiles) character file.

45163 Kidiri the Unseen (level 13, -8/55 HPs)
             Began as a Spriggan Enchanter on June 18, 2015.
             Was the Champion of Dithmenos.
             Mangled by a war axe of electrocution (13 damage)
             ... in the Dungeon (Sprint III: "The Ten Rune Challenge").
             The game lasted 00:37:30 (4409 turns).

Kidiri the Unseen (Spriggan Enchanter)              Turns: 4409, Time: 00:37:30

Health: -8/55      AC:  7    Str:  4    XL:     13   Next: 29%
Magic:  25/34      EV: 33    Int: 17    God:    Dithmenos [******]
Gold:   3464       SH:  0    Dex: 22    Spells: 8 memorised, 30 levels left

rFire  . . .     SeeInvis +     C - +3 dagger
rCold  . . .     Clarity  +     x - +2 robe {MR+}
rNeg   . . .     SustAt   .     (shield restricted)
rPois  .         Gourm    .     B - +0 hat
rElec  .         Spirit   .     m - +0 cloak
rCorr  .         Warding  .     (gloves unavailable)
rMut   .         NoTele   +     (boots unavailable)
MR     +++..                    q - amulet of regeneration
Stlth  ++++++++++               y - ring of wizardry
                                o - +3 ring of dexterity

@: wreathed by umbra, very quick, extremely resistant to hostile enchantments,
uncannily stealthy
A: unfitting armour, thin metallic scales 1, see invisible, clarity, dopey 1,
herbivore 3, speed 3, slow metabolism 2, wild magic 1, MP-powered wands
a: Shadow Step, Shadow Form, Renounce Religion
}: 1/10 runes: barnacled


You were in the Dungeon.
You worshipped Dithmenos.
Dithmenos was exalted by your worship.
You were very full.

You visited 1 branch You collected 4296 gold pieces.
You spent 832 gold pieces at shops.

Inventory:

Hand weapons
 a - a +1 dagger
 C - a +3 dagger (weapon)
Missiles
 w - 11 throwing nets (quivered)
Armour
 m - a +0 cloak (worn)
 x - a +2 robe of magic resistance (worn)
 B - a +0 hat (worn)
Jewellery
 o - a +3 ring of dexterity (left hand)
 q - an amulet of regeneration (around neck)
 y - a ring of wizardry (right hand)
Magical devices
 n - a wand of frost (22)
 E - a wand of magic darts (40)
Scrolls
 j - a scroll of blinking
 p - 2 scrolls of torment {unknown}
 r - 2 scrolls of remove curse {unknown}
 v - a scroll of random uselessness {unknown}
 z - a scroll of identify
Potions
 b - a potion of invisibility {unknown}
 e - 2 potions of curing
 f - a potion of heal wounds
 g - a potion of haste
 h - 3 potions of magic
 i - 2 potions of berserk rage
 l - 2 potions of might
 t - 3 potions of cure mutation
 u - a potion of brilliance {unknown}
 A - a potion of lignification {unknown}
Books
 c - a book of Maledictions

   Spells                             Type                      Level
   a - Corona                         Hexes                        1
   b - Ensorcelled Hibernation        Hexes/Ice                    2
   c - Confuse                        Hexes                        3
   d - Tukima's Dance                 Hexes                        3
   e - Dazzling Spray                 Conjuration/Hexes            3
 k - a book of Cantrips

   Spells                             Type                      Level
   a - Corona                         Hexes                        1
   b - Animate Skeleton               Necromancy                   1
   c - Summon Small Mammal            Summoning                    1
   d - Apportation                    Translocation                1
Comestibles
 d - 3 bread rations
 s - 20 royal jellies
 D - 3 fruits


   Skills:
 * Level 15.3 Short Blades
 + Level 14.4 Dodging
 * Level 20.7 Stealth
 * Level 16.5 Spellcasting
 + Level 6.9 Conjurations
 + Level 12.7 Hexes
 + Level 7.6 Summonings
 + Level 8.3 Necromancy
 + Level 13.0 Translocations
 + Level 8.5 Ice Magic
 + Level 9.4 Invocations


You had 30 spell levels left.
You knew the following spells:

 Your Spells              Type           Power        Failure   Level  Hunger
a - Corona                Hex            ######.      1%          1    None
b - Ensorcelled Hibernat  Hex/Ice        ######       1%          2    None
c - Confuse               Hex            ######..     1%          3    None
d - Tukima's Dance        Hex            ######..     1%          3    None
e - Dazzling Spray        Conj/Hex       ######..     1%          3    None
f - Animate Skeleton      Necr           N/A          1%          1    None
g - Apportation           Tloc           ######....   1%          1    None
h - Summon Small Mammal   Summ           ####         1%          1    None


Dungeon Overview and Level Annotations

Branches:
Dungeon (1/1)

Altars:
Cheibriados
Dithmenos
Elyvilon
Fedhas
Gozag
Kikubaaqudgha
Makhleb
Nemelex Xobeh
Okawaru
Qazlal
Ru
Sif Muna
Trog
Vehumet
Xom
Yredelemnul
Zin
The Shining One
Jiyva
Lugonu

Shops:
D =(%[

Annotations:
D exclusion: obsidian statue


Innate Abilities, Weirdness & Mutations

You are tiny and cannot use many weapons and most armour.
You have supernaturally acute eyesight.
You are a herbivore.
You cover ground extremely quickly.
You need consume almost no food.
You are partially covered in thin metallic scales (AC +2).
You possess an exceptional clarity of mind.
You are dopey. (Int -2)
Your spells are a little harder to cast, but a little more powerful.
You expend magic power (3 MP) to strengthen your wands.


Message History

You emit a cloud of dark smoke.
The war axe of electrocution completely misses you.
You miss the war axe of electrocution.
The war axe of electrocution is moderately damaged.
Your shadow hits the war axe of electrocution but does no damage.
The trident of piercing completely misses you.
Casting: Ensorcelled Hibernation
Confirm with . or Enter, or press ? or * to list all spells.
Aiming: Confuse
Press: ? - help, Shift-Dir - straight line, f/p - trident of piercing
Aim: a trident of piercing (black smoke, umbra, magic immune)
The war axe of electrocution is unaffected.
Your shadow mimicks your spell!
The war axe of electrocution is unaffected.
The war axe of electrocution closely misses you.
The trident of piercing completely misses you.
The war axe of electrocution hits you!!
* * * LOW HITPOINT WARNING * * *
You emit a cloud of dark smoke.
You are electrocuted!
You die...

§§# ##+###+##..# §§#
###.......+..# §§+
##.#.#####.####
#######..'.#)..+.#%.+
......'..#######.+..#
..########.....#.####
### #..#..#§#..# #8#
#.#)#.#§+..# §
#....(#@#..# §
#(....#(#..# §
#.#.#.(§#..# §
#..#..#.#[.# ..#
#)....###### #.#
####### .


You could see 2 dancing weapons.

Vanquished Creatures
  Rupert (D)
  Polyphemus (D)
  Gastronok (D)
  Dowan (D)
  Ilsuiw (D)
  Maud (D)
  2 dire elephants (D)
  A merfolk javelineer (D)
  A fire dragon (D)
  Erolcha (D)
  A centaur warrior (D)
  A dancing weapon (D)
  4 death yaks (D)
  4 orc high priests (D)
  A deep elf knight (D)
  A sea snake (D)
  A lindwurm (D)
  2 deep elf summoners (D)
  An orc knight (D)
  An orc sorcerer (D)
  2 black mambas (D)
  2 elephants (D)
  2 spiny frogs (D)
  Duvessa (D)
  A small abomination (D)
  A fire drake (D)
  A komodo dragon (D)
  3 deep elf priests (D)
  A queen bee (D)
  4 spriggan defenders (D)
  8 blink frogs (D)
  3 wandering mushrooms (D)
  2 trapdoor spiders (D)
  4 redbacks (D)
  A shadow (D)
  2 hill giants (D)
  A spatial vortex (D)
  A swamp drake (D)
  2 orc warriors (D)
  2 brain worms (D)
  3 two-headed ogres (D)
  A water elemental (D)
  32 killer bees (D)
  4 orc priests (D)
  A jelly (D)
  Crazy Yiuf (D)
  3 sheep (D)
  4 orc wizards (D)
  A wizard (D)
  A kobold demonologist (D)
  3 humans (D)
  An ooze (D)
  6 orcs (D)
  3 rats (D)
  2 plants (D)
138 creatures vanquished.

Vanquished Creatures (collateral kills)
  A necrophage (D)
  A necromancer (D)
2 creatures vanquished.

Vanquished Creatures (others)
  2 draconian scorchers (D)
  3 yaktaurs (D)
  3 plants (D)
8 creatures vanquished.

Grand Total: 148 creatures vanquished

Notes
Turn   | Place    | Note
--------------------------------------------------------------
     0 | D        | Kidiri the Spriggan Enchanter began the quest for the Orb.
     0 | D        | Reached XP level 1. HP: 9/9 MP: 5/5
    10 | D        | Reached skill level 5 in Stealth
    78 | D        | Noticed Crazy Yiuf
    85 | D        | Killed Crazy Yiuf
    85 | D        | Reached skill level 6 in Stealth
    85 | D        | Reached XP level 2. HP: 13/13 MP: 6/8
    85 | D        | Reached XP level 3. HP: 16/16 MP: 6/9
    92 | D        | Learned a level 2 spell: Ensorcelled Hibernation
    95 | D        | Reached skill level 7 in Stealth
   101 | D        | Learned a level 3 spell: Confuse
   105 | D        | Learned a level 3 spell: Tukima's Dance
   127 | D        | Gained mutation: Your flesh is heat resistant. [potion of mutation]
   127 | D        | Gained mutation: You are robust (+10% HP). [potion of mutation]
   128 | D        | Gained mutation: You are clumsy. (Dex -2) [potion of mutation]
   128 | D        | Lost mutation: You are clumsy. (Dex -2) [potion of mutation]
   128 | D        | Gained mutation: Your spells are a little harder to cast, but a little more powerful. [potion of mutation]
   129 | D        | Gained mutation: You possess an exceptional clarity of mind. [potion of mutation]
   129 | D        | Lost mutation: You are robust (+10% HP). [potion of mutation]
   129 | D        | Gained mutation: You expend magic power (3 MP) to strengthen your wands. [potion of mutation]
   130 | D        | Lost mutation: Your flesh is heat resistant. [potion of mutation]
   130 | D        | Gained mutation: You are partially covered in thin metallic scales (AC +2). [potion of mutation]
   130 | D        | Gained mutation: You are dopey. (Int -2) [potion of mutation]
   177 | D        | Killed a yaktaur
   194 | D        | Noticed a water elemental
   197 | D        | Killed a water elemental
   197 | D        | Reached skill level 5 in Short Blades
   197 | D        | Reached skill level 5 in Dodging
   197 | D        | Reached skill level 8 in Stealth
   197 | D        | Reached skill level 5 in Spellcasting
   197 | D        | Reached skill level 5 in Hexes
   197 | D        | Reached skill level 1 in Ice Magic
   197 | D        | Reached XP level 4. HP: 21/21 MP: 10/12
   217 | D        | Noticed a jelly
   218 | D        | Noticed a shadow
   221 | D        | Killed a shadow
   221 | D        | Reached skill level 10 in Stealth
   221 | D        | Reached XP level 5. HP: 24/24 MP: 12/15
   224 | D        | Killed a jelly
   224 | D        | Reached XP level 6. HP: 28/28 MP: 12/17
   231 | D        | Found a stormy altar of Qazlal.
   231 | D        | Found a sacrificial altar of Ru.
   231 | D        | Found a burning altar of Makhleb.
   231 | D        | Found a shimmering altar of Xom.
   232 | D        | Found a viscous altar of Jiyva.
   232 | D        | Found a shadowy altar of Dithmenos.
   232 | D        | Found a sparkling altar of Nemelex Xobeh.
   232 | D        | Found a corrupted altar of Lugonu.
   232 | D        | Found an opulent altar of Gozag.
   232 | D        | Noticed a spatial vortex
   234 | D        | Killed a spatial vortex
   234 | D        | Reached skill level 11 in Stealth
   237 | D        | Became a worshipper of Dithmenos the Shadowed
   268 | D        | Killed a yaktaur
   274 | D        | Found a radiant altar of Vehumet.
   275 | D        | Found a deep blue altar of Sif Muna.
   275 | D        | Found an ancient bone altar of Kikubaaqudgha.
   275 | D        | Noticed a wizard
   276 | D        | Killed a wizard
   290 | D        | Learned a level 3 spell: Dazzling Spray
   292 | D        | Learned a level 1 spell: Animate Skeleton
   294 | D        | Learned a level 1 spell: Apportation
   296 | D        | Learned a level 1 spell: Summon Small Mammal
   308 | D        | Found a glowing silver altar of Zin.
   309 | D        | Found a glowing golden altar of the Shining One.
   309 | D        | Found a white marble altar of Elyvilon.
   309 | D        | Noticed a deep elf priest
   311 | D        | Killed a deep elf priest
   311 | D        | Reached skill level 1 in Conjurations
   311 | D        | Reached skill level 1 in Summonings
   311 | D        | Reached skill level 1 in Necromancy
   311 | D        | Reached skill level 1 in Invocations
   311 | D        | Reached XP level 7. HP: 32/32 MP: 18/20
   314 | D        | Killed a white draconian scorcher
   315 | D        | Killed a white draconian scorcher
   344 | D        | Found an iron altar of Okawaru.
   344 | D        | Found a bloodstained altar of Trog.
   344 | D        | Noticed a human
   345 | D        | Noticed a human
   347 | D        | Killed a human
   347 | D        | Reached skill level 12 in Stealth
   348 | D        | Killed a human
   386 | D        | Found a basalt altar of Yredelemnul.
   386 | D        | Found a snail-covered altar of Cheibriados.
   386 | D        | Found a blossoming altar of Fedhas.
   386 | D        | Noticed a necrophage
   386 | D        | Noticed a necromancer
   395 | D        | Killed a necromancer
   395 | D        | Acquired Dithmenos's first power
   405 | D        | Killed a necrophage
   405 | D        | Reached XP level 8. HP: 16/36 MP: 22/22
   573 | D        | Noticed a two-headed ogre
   573 | D        | Noticed a two-headed ogre
   578 | D        | Killed a two-headed ogre
   584 | D        | Killed a two-headed ogre
   597 | D        | Noticed a two-headed ogre
   600 | D        | Noticed a hill giant
   600 | D        | Killed a two-headed ogre
   600 | D        | Acquired Dithmenos's second power
   603 | D        | Killed a hill giant
   603 | D        | Reached skill level 10 in Spellcasting
   614 | D        | Noticed a hill giant
   614 | D        | Noticed Erolcha
   741 | D        | Killed a hill giant
   741 | D        | Reached skill level 13 in Stealth
   823 | D        | Killed Erolcha
   823 | D        | Reached skill level 5 in Translocations
   823 | D        | Reached XP level 9. HP: 39/39 MP: 11/24
   905 | D        | Noticed a redback
   913 | D        | Killed a redback
   921 | D        | Noticed a trapdoor spider
   938 | D        | Killed a trapdoor spider
   938 | D        | Acquired Dithmenos's third power
   938 | D        | Reached skill level 10 in Short Blades
   938 | D        | Reached skill level 14 in Stealth
  1017 | D        | Noticed a trapdoor spider
  1028 | D        | Killed a trapdoor spider
  1028 | D        | Reached skill level 5 in Ice Magic
  1214 | D        | Noticed a wandering mushroom
  1219 | D        | Noticed a wandering mushroom
  1221 | D        | Noticed a wandering mushroom
  1233 | D        | Killed a wandering mushroom
  1238 | D        | Killed a wandering mushroom
  1238 | D        | Reached skill level 10 in Dodging
  1240 | D        | Killed a wandering mushroom
  1352 | D        | Noticed a spiny frog
  1352 | D        | Noticed a komodo dragon
  1352 | D        | Noticed a spiny frog
  1355 | D        | Killed a komodo dragon
  1356 | D        | Killed a spiny frog
  1358 | D        | Killed a spiny frog
  1358 | D        | Reached skill level 15 in Stealth
  1358 | D        | Reached skill level 5 in Invocations
  1358 | D        | Reached XP level 10. HP: 44/44 MP: 21/26
  1382 | D        | Noticed a redback
  1387 | D        | Killed a redback
  1437 | D        | Noticed a brain worm
  1440 | D        | Killed a brain worm
  1446 | D        | Noticed a brain worm
  1449 | D        | Killed a brain worm
  1462 | D        | Noticed a lindwurm
  1464 | D        | Noticed a redback
  1465 | D        | Killed a lindwurm
  1465 | D        | Acquired Dithmenos's fourth power
  1467 | D        | Killed a redback
  1472 | D        | Noticed a redback
  1473 | D        | Killed a redback
  1474 | D        | Noticed Maud
  1476 | D        | Killed Maud
  1476 | D        | Reached skill level 5 in Necromancy
  1596 | D        | Noticed a killer bee
  1596 | D        | Noticed a killer bee
  1596 | D        | Noticed a killer bee
  1596 | D        | Noticed a killer bee
  1596 | D        | Noticed a killer bee
  1596 | D        | Noticed a killer bee
  1596 | D        | Noticed a killer bee
  1596 | D        | Noticed a killer bee
  1596 | D        | Noticed a killer bee
  1596 | D        | Noticed a killer bee
  1596 | D        | Noticed a killer bee
  1596 | D        | Noticed a killer bee
  1596 | D        | Noticed a killer bee
  1596 | D        | Noticed a killer bee
  1596 | D        | Noticed a killer bee
  1598 | D        | Noticed a killer bee
  1598 | D        | Noticed a killer bee
  1598 | D        | Noticed a killer bee
  1598 | D        | Noticed a killer bee
  1598 | D        | Killed a killer bee
  1599 | D        | Noticed a killer bee
  1599 | D        | Noticed a killer bee
  1600 | D        | Noticed a killer bee
  1600 | D        | Noticed a killer bee
  1600 | D        | Noticed a killer bee
  1600 | D        | Killed a killer bee
  1600 | D        | Reached skill level 16 in Stealth
  1602 | D        | Noticed a killer bee
  1602 | D        | Killed a killer bee
  1605 | D        | Noticed a killer bee
  1605 | D        | Killed a killer bee
  1607 | D        | Noticed a killer bee
  1607 | D        | Killed a killer bee
  1609 | D        | Noticed a killer bee
  1609 | D        | Killed a killer bee
  1610 | D        | Noticed a killer bee
  1611 | D        | Noticed a killer bee
  1611 | D        | Noticed a killer bee
  1611 | D        | Killed a killer bee
  1613 | D        | Noticed a killer bee
  1613 | D        | Killed a killer bee
  1615 | D        | Killed a killer bee
  1617 | D        | Killed a killer bee
  1619 | D        | Killed a killer bee
  1621 | D        | Killed a killer bee
  1621 | D        | Reached skill level 10 in Hexes
  1624 | D        | Killed a killer bee
  1632 | D        | Killed a killer bee
  1636 | D        | Killed a killer bee
  1641 | D        | Noticed a queen bee
  1641 | D        | Killed a killer bee
  1644 | D        | Killed a killer bee
  1649 | D        | Killed a killer bee
  1654 | D        | Killed a killer bee
  1657 | D        | Killed a killer bee
  1687 | D        | Killed a yaktaur
  1832 | D        | Killed a killer bee
  1832 | D        | Reached skill level 5 in Summonings
  1836 | D        | Killed a killer bee
  1864 | D        | Killed a killer bee
  1866 | D        | Killed a killer bee
  1869 | D        | Killed a killer bee
  1871 | D        | Killed a killer bee
  1873 | D        | Killed a killer bee
  1875 | D        | Killed a killer bee
  1968 | D        | Killed a killer bee
  2036 | D        | Killed a queen bee
  2036 | D        | Reached XP level 11. HP: 47/47 MP: 24/29
  2037 | D        | Killed a killer bee
  2044 | D        | Killed a killer bee
  2058 | D        | Killed a killer bee
  2130 | D        | Noticed Dowan
  2130 | D        | Noticed Duvessa
  2132 | D        | Killed Dowan
  2132 | D        | Reached skill level 17 in Stealth
  2162 | D        | Killed Duvessa
  2209 | D        | Found Coqiff Osso's Antique Armour Shop.
  2209 | D        | Noticed an orc priest
  2209 | D        | Noticed an orc wizard
  2209 | D        | Noticed an orc warrior
  2210 | D        | Noticed an orc high priest
  2214 | D        | Noticed an orc wizard
  2214 | D        | Noticed an orc warrior
  2214 | D        | Noticed an orc wizard
  2214 | D        | Noticed an orc knight
  2214 | D        | Killed an orc wizard
  2217 | D        | Noticed an orc priest
  2226 | D        | Killed an orc warrior
  2228 | D        | Killed an orc wizard
  2257 | D        | Killed an orc warrior
  2259 | D        | Killed an orc priest
  2301 | D        | Killed an orc priest
  2381 | D        | Noticed an orc priest
  2387 | D        | Killed an orc priest
  2400 | D        | Noticed an orc sorcerer
  2410 | D        | Killed an orc sorcerer
  2412 | D        | Killed an orc high priest
  2419 | D        | Killed an orc knight
  2419 | D        | Reached skill level 5 in Conjurations
  2419 | D        | Reached skill level 10 in Translocations
  2451 | D        | Noticed an orc wizard
  2461 | D        | Killed an orc wizard
  2474 | D        | Killed an orc wizard
  2524 | D        | Noticed a deep elf summoner
  2524 | D        | Noticed a deep elf knight
  2524 | D        | Noticed a deep elf priest
  2524 | D        | Noticed a deep elf priest
  2524 | D        | Noticed a deep elf summoner
  2530 | D        | Noticed a deep elf annihilator
  2532 | D        | Killed a deep elf knight
  2533 | D        | Killed a deep elf summoner
  2534 | D        | Noticed a deep elf annihilator
  2535 | D        | Killed a deep elf priest
  2556 | D        | Killed a deep elf summoner
  2569 | D        | Killed a deep elf priest
  2569 | D        | Reached skill level 18 in Stealth
  2848 | D        | Noticed a deep elf conjurer
  2848 | D        | Noticed a deep elf high priest
  2850 | D        | Noticed a deep elf annihilator
  2922 | D        | Noticed a swamp drake
  2922 | D        | Noticed a fire drake
  2923 | D        | Killed a fire drake
  2925 | D        | Killed a swamp drake
  2931 | D        | Noticed a blink frog
  2933 | D        | Noticed a blink frog
  2933 | D        | Noticed a blink frog
  2935 | D        | Killed a blink frog
  2936 | D        | Noticed a blink frog
  2936 | D        | Noticed a blink frog
  2937 | D        | Killed a blink frog
  2938 | D        | Killed a blink frog
  2939 | D        | Killed a blink frog
  2942 | D        | Killed a blink frog
  2956 | D        | Noticed Rupert
  2960 | D        | Killed Rupert
  2960 | D        | Reached XP level 12. HP: 51/51 MP: 31/31
  3019 | D        | Noticed a death yak
  3020 | D        | Noticed a death yak
  3020 | D        | Noticed a blink frog
  3022 | D        | Noticed a blink frog
  3024 | D        | Noticed a death yak
  3030 | D        | Noticed a blink frog
  3032 | D        | Noticed a death yak
  3036 | D        | Killed a death yak
  3040 | D        | Killed a death yak
  3044 | D        | Killed a death yak
  3046 | D        | Killed a blink frog
  3046 | D        | Reached skill level 19 in Stealth
  3046 | D        | Reached skill level 15 in Spellcasting
  3052 | D        | Killed a blink frog
  3090 | D        | Noticed a black mamba
  3106 | D        | Noticed a black mamba
  3112 | D        | Killed a black mamba
  3113 | D        | Noticed an azure jelly
  3113 | D        | Noticed an azure jelly
  3125 | D        | Killed a blink frog
  3151 | D        | Killed a black mamba
  3365 | D        | Killed a death yak
  3536 | D        | Noticed Polyphemus
  3537 | D        | Noticed Ilsuiw
  3538 | D        | Killed Polyphemus
  3540 | D        | Killed Ilsuiw
  3541 | D        | Noticed a sea snake
  3541 | D        | Found Fifay's Jewellery Shoppe.
  3546 | D        | Killed a sea snake
  3561 | D        | Found Ywaptini's Antique Weapon Boutique.
  3562 | D        | Found Xijasuz's Food Emporium.
  3563 | D        | Noticed a merfolk javelineer
  3565 | D        | Killed a merfolk javelineer
  3572 | D        | Bought a +3 ring of dexterity for 172 gold pieces
  3572 | D        | Bought an uncursed amulet of regeneration for 330 gold pieces
  3572 | D        | Bought an uncursed ring of wizardry for 330 gold pieces
  3587 | D        | Got a barnacled rune of Zot
  3654 | D        | Noticed an azure jelly
  3654 | D        | Noticed an azure jelly
  3656 | D        | Noticed an elephant
  3656 | D        | Noticed an elephant
  3656 | D        | Noticed a dire elephant
  3656 | D        | Noticed a dire elephant
  3656 | D        | Noticed Gastronok
  3658 | D        | Killed Gastronok
  3658 | D        | Reached skill level 20 in Stealth
  3681 | D        | Killed a dire elephant
  3681 | D        | Reached XP level 13. HP: 44/55 MP: 2/34
  3836 | D        | Killed a dire elephant
  3848 | D        | Killed an elephant
  3853 | D        | Killed an elephant
  4058 | D        | Noticed an orc high priest
  4058 | D        | Noticed an orc priest
  4059 | D        | Noticed an orc high priest
  4059 | D        | Noticed an orc high priest
  4060 | D        | Killed an orc high priest
  4060 | D        | Reached skill level 15 in Short Blades
  4061 | D        | Killed an orc priest
  4063 | D        | Killed an orc high priest
  4064 | D        | Killed an orc high priest
  4198 | D        | Noticed an obsidian statue
  4202 | D        | Noticed a spriggan defender
  4203 | D        | Noticed a spriggan defender
  4203 | D        | Noticed a spriggan defender
  4203 | D        | Noticed a spriggan defender
  4204 | D        | Killed a spriggan defender
  4205 | D        | Killed a spriggan defender
  4207 | D        | Killed a spriggan defender
  4208 | D        | Killed a spriggan defender
  4334 | D        | Noticed a centaur warrior
  4336 | D        | Killed a centaur warrior
  4357 | D        | Noticed a fire dragon
  4359 | D        | Killed a fire dragon
  4393 | D        | Noticed a trident of venom
  4393 | D        | Noticed a war axe of electrocution
  4394 | D        | Noticed a trident of piercing
  4394 | D        | Noticed a war axe of electrocution
  4395 | D        | Killed a trident of venom
  4409 | D        | Mangled by a war axe of electrocution

Vault maps used:
D:        dungeon_sprint_mu

Action                   |  1- 3 |  4- 6 |  7- 9 | 10-12 | 13-15 || total
-------------------------+-------+-------+-------+-------+-------++-------
Melee: Dagger            |    18 |     6 |    51 |   160 |   129 ||   364
Throw: Throwing net      |       |       |     2 |    12 |       ||    14
 Cast: Ensorcelled Hiber |     2 |       |    19 |    67 |     4 ||    92
       Animate Skeleton  |       |       |     9 |       |       ||     9
       Dazzling Spray    |       |       |     2 |    15 |     4 ||    21
       Confuse           |       |       |     9 |    23 |     5 ||    37
Invok: Shadow Step       |       |       |     1 |     8 |     6 ||    15
  Use: Potion            |     4 |       |     1 |       |       ||     5
       Scroll            |     2 |       |       |       |       ||     2
 Stab: Sleeping          |     5 |     6 |    11 |    70 |    13 ||   105
       Invisible         |       |       |     2 |     2 |     1 ||     5
       Confused          |       |       |     4 |    18 |       ||    22
       Held in net/web   |       |       |       |     4 |       ||     4
  Eat: Royal jelly       |       |       |       |     5 |       ||     5
